 Dungeon Crawl Stone Soup version 0.18-a0-1764-gf4ddf0b (webtiles) character file.

543 pragmatic the Chopper (level 7, 0/61 HPs)
             Began as a Minotaur Berserker on Apr 13, 2016.
             Was an Elder of Trog.
             Killed by divine providence
             ... invoked by an orc priest
              (11 damage)
             ... on level 4 of the Dungeon.
             The game lasted 00:28:50 (4145 turns).

pragmatic the Chopper (Minotaur Berserker)          Turns: 4145, Time: 00:28:51

Health: 0/61       AC:  6    Str: 24    XL:     7   Next: 6%
Magic:  6/6        EV: 12    Int:  4    God:    Trog [****..]
Gold:   168        SH:  0    Dex:  9    Spells: 0 memorised, 6 levels left

rFire  . . .     SeeInvis .     a - +1 hand axe
rCold  . . .     Gourm    .     p - +0 ring mail
rNeg   . . .     Faith    .     (no shield)
rPois  .         Spirit   .     (helmet restricted)
rElec  .         Dismiss  .     (no cloak)
rCorr  .         Reflect  .     (no gloves)
SustAt .         Harm     +     (no boots)
MR     .....                    r - amulet of harm
Stlth  ..........               (no ring)
                                (no ring)

@: not resistant to hostile enchantments, extremely unstealthy
A: retaliatory headbutt, horns 2
a: Berserk, Trog's Hand, Brothers in Arms, Burn Spellbooks, Renounce Religion


You were on level 4 of the Dungeon.
You worshipped Trog.
Trog was greatly pleased with you.
You were full.

You visited 1 branch of the dungeon, and saw 4 of its levels.

You collected 168 gold pieces.

Inventory:

Hand Weapons
 a - a +1 hand axe (weapon)
 h - a +0 flail of holy wrath
Armour
 b - a +0 animal skin
 p - a +0 ring mail (worn)
Jewellery
 q - an uncursed ring of magical power
 r - an amulet of harm (around neck)
Wands
 c - a wand of digging (10/24)
Scrolls
 k - 5 scrolls of identify
 s - a scroll of enchant armour
 t - a scroll of magic mapping {unknown}
 u - 2 scrolls of remove curse {unknown}
 v - a scroll of recharging
Potions
 d - 3 potions of flight {unknown}
 e - a potion of might {unknown}
 g - a potion of berserk rage {unknown}
 i - 2 potions of curing
 j - 3 potions of agility {unknown}
Comestibles
 f - a beef jerky
 l - 2 slices of pizza
 m - a royal jelly
 n - 2 fruits
 o - 3 bread rations
 w - a meat ration


   Skills:
 + Level 5.6 Fighting
 + Level 6.0 Axes
 + Level 5.1 Armour
 + Level 4.3 Dodging


You had 6 spell levels left.
You didn't know any spells.

Dungeon Overview and Level Annotations

Branches:
Dungeon (4/15)
 Temple: D:4-7

Altars:
Cheibriados
Dithmenos
Makhleb
Qazlal
Sif Muna
Xom


Innate Abilities, Weirdness & Mutations

You reflexively headbutt those who attack you in melee.
You have a pair of horns on your head.


Message History

The orc is lightly wounded.
The orc hits you with a short sword.
You slash the orc!
You kill the orc!
Trog accepts your kill.
The orc priest invokes the aid of Beogh against you.
Beogh smites you!
You barely miss the orc. You headbutt the orc!
The orc is almost dead.
The orc priest invokes the aid of Beogh against you.
Beogh smites you!
* * * LOW HITPOINT WARNING * * *
The orc hits you with a mace.
* * * LOW HITPOINT WARNING * * *
You hit the orc.
You kill the orc!
Trog accepts your kill.
You can now call in reinforcements.
The orc priest mumbles some strange prayers to Beogh against you.
Beogh smites you!
You die...

. .) ...
... ..
#.######
#o)@...#
#.####.#
..
#)#######
#..
#.......#
...
#######.#
##...
###......
###...#
##...###


You could see an orc priest.

Vanquished Creatures
  Menkaure (D:4)
  Blork the orc (D:4)
  A scorpion (D:4)
  A hound (D:2)
  An orc wizard (D:3)
  Robin (D:2)
  A gnoll (D:1)
  10 adders
  A worm (D:2)
  2 dart slugs
  9 giant geckos
  16 orcs
  6 bats
  4 giant cockroaches
  12 goblins
  9 hobgoblins
  13 jackals
  2 quokkas
  2 ball pythons
  9 giant newts
  7 kobolds
  7 rats
  A bush (D:2)
117 creatures vanquished.

Notes
Turn   | Place    | Note
--------------------------------------------------------------
     0 | D:1      | pragmatic the Minotaur Berserker began the quest for the Orb.
     0 | D:1      | Reached XP level 1. HP: 19/19 MP: 0/0
   363 | D:1      | Reached XP level 2. HP: 21/27 MP: 1/1
   835 | D:1      | Reached skill level 4 in Axes
   838 | D:1      | Reached XP level 3. HP: 25/33 MP: 2/2
   905 | D:1      | Reached ** piety under Trog
  1152 | D:2      | Noticed Robin
  1495 | D:2      | Found a snail-covered altar of Cheibriados.
  1501 | D:2      | Reached XP level 4. HP: 33/40 MP: 3/3
  1795 | D:2      | Killed Robin
  2165 | D:2      | Reached XP level 5. HP: 24/47 MP: 4/4
  2211 | D:2      | Reached skill level 5 in Axes
  2503 | D:2      | Found a burning altar of Makhleb.
  2590 | D:2      | Reached *** piety under Trog
  2719 | D:3      | Found a shadowy altar of Dithmenos.
  3190 | D:3      | Found a shimmering altar of Xom.
  3209 | D:3      | Reached XP level 6. HP: 48/55 MP: 5/5
  3210 | D:3      | Found a stormy altar of Qazlal.
  3406 | D:3      | Reached skill level 5 in Fighting
  3676 | D:3      | Found a deep blue altar of Sif Muna.
  3828 | D:4      | Noticed Blork the orc
  3836 | D:4      | Killed Blork the orc
  3840 | D:4      | HP: 2/56 [poisoned by a scorpion]
  4122 | D:4      | Noticed Menkaure
  4126 | D:4      | Killed Menkaure
  4126 | D:4      | Reached skill level 6 in Axes
  4126 | D:4      | Reached skill level 5 in Armour
  4126 | D:4      | Reached XP level 7. HP: 37/61 MP: 6/6
  4145 | D:4      | Reached **** piety under Trog
  4145 | D:4      | Killed from afar by an orc priest

Vault maps used:
D:1:      dpeg_arrival_rooms_a, st_stairs_1, serial_bayou_crossing
D:2:      cheibriados_altar_1, makhleb_heckhound_becter, serial_forest,
          infiniplex_forest_straight_3, infiniplex_forest_zigzag_1,
          infiniplex_forest_clump_large, infiniplex_forest_end_1,
          infiniplex_forest_clump_long, infiniplex_forest_clump_tiny,
          infiniplex_forest_lined_room_, infiniplex_forest_end_3,
          infiniplex_forest_corner_1, infiniplex_forest_lined_2, uniq_robin
D:3:      nicolae_overflow_quartered_altars
D:4:      nicolae_overflow_hidden_temple, evilmike_ruin_ashenzari,
          uniq_blork_the_orc, uniq_eustachio, uniq_menkaure, uniq_duvessa

Skill      XL: |  1  2  3  4  5  6 |
---------------+-------------------+-----
Axes           | 4 5 6 |  6.0
Armour         | 3 4 5 |  5.1
Dodging        | 3 4 |  4.3
Fighting       | 4 5 |  5.6

Action                   |  1- 3 |  4- 6 |  7- 9 || total
-------------------------+-------+-------+-------++-------
Melee: Hand axe          |    85 |   196 |    10 ||   291
       Headbutt          |     9 |    37 |     2 ||    48
  Use: Scroll            |       |     7 |       ||     7
       Potion            |       |     3 |       ||     3
  Eat: Bread ration      |     1 |       |       ||     1
       Chunk             |       |     5 |       ||     5
       Meat ration       |       |     1 |       ||     1
Armor: Animal skin       |     3 |       |       ||     3
       Leather armour    |    18 |     4 |       ||    22
       Ring mail         |       |    37 |     2 ||    39
Dodge: Dodged            |    71 |   101 |     1 ||   173
